 Adventure DCSS version bcrawl-1.21.2-28-g2cb1824106 (webtiles) character file.

Game seed: 5917753579994774385

63 galech the Skirmisher (level 3, 28/29 HPs)
             Began as a Demonspawn Fighter on Mar 10, 2020.
             Quit the game on level 2 of the Dungeon on Mar 11, 2020.
             The game lasted 00:03:04 (1898 turns).

galech the Skirmisher (Demonspawn Fighter)          Turns: 1898, Time: 00:03:04

Health: 28/29      AC:  9    Str: 16    XL:     3   Next: 87%
Magic:  3/3        EV:  2    Int:  9    God:
Gold:   104        SH:  9    Dex: 13    Spells: 2/2 levels left
                                        Lives:  1   Deaths: 1

rFire    + . .     SeeInvis .   a - +0 war axe
rCold    . . .     Gourm    .   c - +0 medium shield
rNeg     . . .     Faith    .   s - -2 plate armour (curse)
rPois    .         Spirit   .   (no helmet)
rElec    .         Reflect  .   (no cloak)
rCorr    .         Harm     .   (no gloves)
MR       .....                  (no boots)
Stlth    ..........             (no amulet)
HPRegen  0.09/turn              l - ring of protection from fire
MPRegen  0.08/turn              (no ring)

@: no status effects
A: hooves 1
a: no special abilities


You were on level 2 of the Dungeon.
You were not hungry.

You visited 1 branch of the dungeon, and saw 3 of its levels.

You collected 104 gold pieces.

Inventory:

Hand Weapons
 a - a +0 war axe (weapon)
Armour
 b - a +0 scale mail
 c - a +0 medium shield (worn)
 s - a cursed -2 plate armour (worn)
Jewellery
 l - a ring of protection from fire (left hand)
Scrolls
 i - a scroll of enchant weapon
 k - a scroll of blinking
 m - a scroll of teleportation
Potions
 d - a potion of might
 h - 2 potions of heal wounds {unknown}
 j - 2 potions of haste {unknown}
 n - a potion of agility
 o - 2 potions of degeneration {unknown}
 p - a potion of resistance {unknown}
 q - a potion of ambrosia {unknown}
 r - a potion of flight {unknown}
Comestibles
 e - 5 rations {!d}
 f - 4 chunks of flesh


   Skills:
 + Level 3.5 Fighting
 + Level 2.9 Axes
 + Level 3.3 Armour
 + Level 0.2 Dodging
 + Level 3.1 Shields


You had 2 spell levels left.
You didn't know any spells.
Your spell library was empty.

Dungeon Overview and Level Annotations

Branches:
Dungeon (3/12)

Altars:


Innate Abilities, Weirdness & Mutations

You have large cloven feet.


Message History

No target in view!
No target in view!
No target in view!
No target in view!
No target in view!
No target in view!
No target in view!
No target in view!
No target in view!
No target in view!
No target in view!
You see here an orc corpse.
You butcher the orc corpse.
f - 4 chunks of flesh (gained 2)
You see here an orc skeleton.
You start resting.
HP restored.
There is a stone staircase leading down here.
You see here the demonspawn corpse of galech.
Are you sure you want to abandon this character and quit the game? (Confirm with "yes".)

####### #.....#
######.#.### #####
#....#.#...### #....
#...........(# #....
#..#.#.#.....# #....
#....#.รท.###.######....
#)####@..+........'....
#.# #...###.######....
#.# #...# #....###....
#.# #...# ####....####
#.# #...# #..####....#
#.####)..###.#.#.####..
#........)<#...#..#.###
#.###.####.#.#...#...#.
#.##.....#.....#...#...


There were no monsters in sight!

Vanquished Creatures
  An orc priest (D:2)
  An ooze (D:2)
  A worm (D:2)
  2 dart slugs (D:2)
  4 leopard geckos (D:2)
  4 orcs (D:2)
  A ball python (D:2)
  6 bats
  2 giant cockroaches (D:1)
  7 goblins
  7 hobgoblins
  6 frilled lizards
  4 kobolds
  4 rats
50 creatures vanquished.

Notes
Turn   | Place    | Note
-------+----------+-------------------------------------------
     0 | D:1      | galech the Demonspawn Fighter began the quest for the Orb.
     0 | D:1      | Reached XP level 1. HP: 18/18 MP: 1/1
   176 | D:1      | Gained mutation: You have large cloven feet. [demonic
                  | ancestry]
   176 | D:1      | Reached XP level 2. HP: 21/24 MP: 2/2
  1040 | D:2      | Reached XP level 3. HP: 19/29 MP: 3/3
  1794 | D:2      | HP: 1/29 [orc/+0 hand axe (3)]
  1795 | D:2      | Slain by an orc
  1796 | D:2      | Reached XP level 2. HP: -1/24 MP: 2/2
  1807 | D:2      | Reached XP level 3. HP: 29/29 MP: 3/3
  1898 | D:2      | Quit the game

Skill      XL: |  1  2  3 |
---------------+----------+-----
Armour         | 3 |  3.3
Axes           | 2 |  2.9
Shields        | 3 |  3.1
Fighting       | |  3.5
Dodging        | |  0.2

Action                   || total
-------------------------++-------
Melee: War axe           ||   118
       Kick              ||    21
  Use: Scroll            ||     3
  Eat: Chunk             ||     3
Armor: Scale mail        ||    62
       Plate armour      ||    17
Dodge: Dodged            ||    32
Block: Medium shield     ||    55
